 Dungeon Crawl Stone Soup version 0.13.0-11-g0187522 (console) character file.

959 Illaniel the Charmwright (level 7, -5/67 HPs)
             Began as a High Elf Skald on Oct 18, 2013.
             Killed by divine providence
             ... invoked by an orc priest
              (12 damage)
             ... on Level 6 of the Dungeon.
             The game lasted 00:18:44 (3673 turns).

Illaniel the Charmwright (High Elf Skald)           Turns: 3673, Time: 00:18:44

HP  -5/67        AC 12     Str 16      XL: 7   Next: 22%
MP  19/19        EV 10     Int 18      God:
Gold 339         SH  0     Dex 15      Spells:  4 memorised,  5 levels left

Res.Fire  : + . .   See Invis. : .   a - +1,+2 scimitar
Res.Cold  : + . .   Warding    : .   C - +4 ring mail {rPois}
Life Prot.: . . .   Conserve   : .   (no shield)
Res.Poison: +       Res.Corr.  : .   (no helmet)
Res.Elec. : .       Clarity    : .   (no cloak)
Sust.Abil.: . .     Spirit.Shd : .   f - +2 pair of dwarf gloves
Res.Mut.  : .       Stasis     : .   (no boots)
Res.Rott. : .       Flight     : .   H - amulet of the gourmand
Gourmand  : +                        b - ring of protection from fire
                                     r - ring of protection from cold

@: berserking (expiring), very slightly contaminated, very quick, slightly
resistant to hostile enchantments, extremely unstealthy
A: no striking features
a: no special abilities


You were on level 6 of the Dungeon.
You were very full.

You visited 1 branch of the dungeon, and saw 6 of its levels.

You collected 319 gold pieces.

Inventory:

Hand weapons
 a - a +1,+2 scimitar (weapon)
 h - a +0,+1 elven falchion
Armour
 f - a +2 pair of dwarven gloves (worn)
 C - a +4 ring mail of poison resistance (worn)
Magical devices
 O - a wand of polymorph (10)
 S - a wand of disintegration (14)
Comestibles
 d - 3 bread rations
 i - a meat ration
 m - a banana
 q - 3 pears
 G - an apple
 T - a chunk of bat flesh
 U - a chunk of quokka flesh
Scrolls
 e - 2 scrolls of blinking {unknown}
 g - a scroll of remove curse
 j - a scroll of teleportation {unknown}
 n - a scroll of curse weapon {unknown}
 p - 2 scrolls of enchant armour
 x - a scroll of magic mapping {unknown}
 y - a scroll of noise {unknown}
 B - 2 scrolls of curse jewellery {unknown}
 D - a scroll of amnesia
 F - a scroll of random uselessness {unknown}
 J - a scroll of fog {unknown}
 K - a scroll of recharging {unknown}
 N - 2 scrolls of identify
 R - a scroll of vulnerability {unknown}
Jewellery
 b - a ring of protection from fire (right hand)
 r - a ring of protection from cold (left hand)
 v - an uncursed amulet of stasis
 w - an uncursed amulet of conservation
 H - an amulet of the gourmand (around neck)
Potions
 k - a potion of confusion
 l - 2 potions of magic
 o - a potion of brilliance
 s - 2 potions of heal wounds {unknown}
 t - 2 potions of curing
 u - 2 potions of slowing
 z - a potion of flight {unknown}
 A - a potion of restore abilities
 I - a potion of berserk rage
 M - a potion of speed {unknown}
Books
 c - a book of Battle

   Spells                             Type                      Level
   *Infusion                          Charms                       1
   *Shroud of Golubria                Charms/Translocation         2
   *Song of Slaying                   Charms                       2
   *Spectral Weapon                   Hexes/Charms                 3
   Regeneration                       Charms/Necromancy            3
   Song of Shielding                  Charms                       4
 L - a book of Debilitation

   Spells                             Type                      Level
   Corona                             Hexes                        1
   Slow                               Hexes                        2
   Inner Flame                        Hexes/Fire                   3
   Enslavement                        Hexes                        4
   Cause Fear                         Hexes                        4
   Leda's Liquefaction                Hexes/Earth                  4
 P - a book of the Warp

   Spells                             Type                      Level
   Recall                             Summoning/Translocation      3
   Control Teleport                   Charms/Translocation         4
   Phase Shift                        Translocation                5
   Warp Weapon                        Charms/Translocation         5
   Dispersal                          Translocation                6
   Controlled Blink                   Translocation                7
   Disjunction                        Translocation                8
 Q - Sif Muna's Guide on Lethal Bewitchment
   (You found it on level 6 of the Dungeon)

   Spells                             Type                      Level
   Confusing Touch                    Hexes                        1
   Dazzling Spray                     Conjuration/Hexes            3
   Leda's Liquefaction                Hexes/Earth                  4
   Venom Bolt                         Conjuration/Poison           5
   Darkness                           Hexes                        7


   Skills:
 + Level 3.3 Fighting
 + Level 4.1 Long Blades
 + Level 2.7 Armour
 + Level 3.1 Dodging
 + Level 2.1 Stealth
 + Level 3.8 Spellcasting
 + Level 1.6 Hexes
 + Level 4.8 Charms
 + Level 2.1 Translocations


You had 5 spell levels left.
You knew the following spells:

 Your Spells              Type           Power        Failure   Level  Hunger
a - Infusion              Chrm           ###...       2%          1    None
b - Song of Slaying       Chrm           ###.......   4%          2    ##.....
c - Spectral Weapon       Hex/Chrm       ###.....     14%         3    ###....
h - Shroud of Golubria    Chrm/Tloc      ###.......   10%         2    ##.....


Dungeon Overview and Level Annotations

Branches:
Dungeon (6/27)
 Temple: D:4-7          Orc: D:6-11

Altars:
Ashenzari
Sif Muna

Annotations:
D:3 Grinder
D:4 1 exclusion
D:6 Eustachio


Message History

The green rat misses you.
The orc priest looks braver.
The rat misses you.
You barely miss Eustachio. The bat closely misses you.
The grey rat closely misses you.
Eustachio picks up an orcish dagger.
The white imp barely misses you. The shadow imp barely misses you.
You closely miss Eustachio.
The shadow imp disappears in a puff of smoke!
The green rat barely misses you.
The grey rat bites you but does no damage.
Eustachio hits you but does no damage. The white imp gestures at you.
The puff of frost hits you! You resist.
* * * LOW HITPOINT WARNING * * *
You barely miss Eustachio.
Your shroud unravels.
The bat hits you but does no damage.
The orc priest invokes the aid of Beogh against you.
Something smites you!
You die... ▒▒▒▒▒▒▒▒▒▒▒▒ ▒∙∙∙∙∙∙∙∙∙∙∙∙∙ ▒∙∙∙∙∙∙∙∙∙∙∙∙%∙ ▒∙∙∙∙∙∙∙∙∙∙∙∙∙∙ ▒∙∙∙∙∙∙∙∙∙∙∙∙∙∙ ▒∙∙∙∙∙$∙∙∙∙∙∙∙∙∙ ▒∙∙∙∙∙∙∙∙(∙∙∙∙∙∙ ▒∙∙∙rr5∙∙∙∙∙∙∙∙∙ ▒∙∙∙r@@r∙∙∙∙∙∙∙ ▒∙∙∙∙boo∙∙∙∙∙∙∙

▒∙∙∙∙r∙∙∙∙∙∙∙∙∙
▒∙∙∙∙5∙∙∙∙∙∙∙∙
▒▒▒▒▒▒∙∙∙∙∙∙∙∙∙∙∙∙∙
▒∙∙∙∙∙∙∙∙∙∙∙∙∙∙∙∙∙∙
▒∙∙∙∙∙∙∙∙∙∙∙∙∙∙∙∙∙∙
▒∙∙∙∙∙∙∙∙∙∙∙∙∙∙∙∙∙∙
▒∙∙∙∙∙∙∙∙∙∙∙∙∙∙∙∙∙∙
▒∙∙∙∙∙∙∙∙∙∙∙∙∙∙∙∙∙
▒∙∙∙∙∙∙∙∙∙∙∙∙∙∙∙∙∙


You could see Eustachio, an orc priest, a crimson imp, 2 green rats, a white
imp, an orc, a grey rat, a bat and 2 rats.

Vanquished Creatures
  An ogre (D:4)
  A phantom (D:5)
  A centaur (D:5)
  A hound (D:6)
  An orc priest (D:5)
  An orc wizard (D:5)
  2 worker ants (D:4)
  Terence (D:3)
  8 adders
  3 gnolls (D:5)
  A green rat (D:6)
  A giant mite (D:1)
  2 worms
  An adder skeleton (D:6)
  4 giant geckos
  11 orcs
  A bat skeleton (D:4)
  2 giant cockroaches
  9 goblins
  6 hobgoblins
  8 kobolds
  A quokka (D:6)
  3 ball pythons
  11 bats
  6 giant newts
  3 jackals (D:6)
  5 rats
95 creatures vanquished.

Vanquished Creatures (others)
  2 spectral weapons
2 creatures vanquished.

Grand Total: 97 creatures vanquished

Notes
Turn   | Place    | Note
--------------------------------------------------------------
     0 | D:1      | Illaniel, the High Elf Skald, began the quest for the Orb.
     0 | D:1      | Reached XP level 1. HP: 13/13 MP: 4/4
   186 | D:1      | Reached skill level 1 in Armour
   189 | D:1      | Reached XP level 2. HP: 11/18 MP: 0/6
   193 | D:1      | Learned a level 2 spell: Song of Slaying
   196 | D:1      | Learned a level 2 spell: Shroud of Golubria
   744 | D:1      | Reached skill level 4 in Charms
   744 | D:1      | Reached XP level 3. HP: 19/23 MP: 0/8
  1352 | D:2      | Reached XP level 4. HP: 29/29 MP: 0/11
  1357 | D:2      | Learned a level 3 spell: Spectral Weapon
  1524 | D:3      | Noticed Grinder
  1542 | D:3      | Paralysed by Grinder for 6 turns
  1562 | D:3      | Paralysed by Grinder for 5 turns
  1692 | D:3      | Noticed Terence
  1709 | D:3      | Killed Terence
  1962 | D:4      | Found a shattered altar of Ashenzari.
  2183 | D:4      | Reached XP level 5. HP: 25/34 MP: 7/13
  2239 | D:4      | Reached skill level 1 in Translocations
  2252 | D:4      | Noticed an ogre
  2272 | D:4      | Killed an ogre
  2272 | D:4      | Reached skill level 1 in Stealth
  2396 | D:5      | Entered Level 5 of the Dungeon
  2555 | D:5      | Reached skill level 1 in Hexes
  2555 | D:5      | Reached XP level 6. HP: 40/40 MP: 0/16
  2649 | D:5      | Noticed a phantom
  2682 | D:5      | Noticed a centaur
  2737 | D:5      | Killed a centaur
  2794 | D:5      | Killed a phantom
  2860 | D:5      | Reached XP level 7. HP: 18/45 MP: 7/19
  3384 | D:6      | Identified Sif Muna's Guide on Lethal Bewitchment
  3421 | D:6      | Found a deep blue altar of Sif Muna.
  3646 | D:6      | Noticed Eustachio
  3673 | D:6      | Killed from afar by an orc priest

Action                   |  1- 3 |  4- 6 |  7- 9 || total
-------------------------+-------+-------+-------++-------
Melee: Falchion          |    93 |    72 |       ||   165
       Scimitar          |       |    55 |    50 ||   105
 Cast: Infusion          |    18 |    21 |     6 ||    45
       Shroud of Golubri |     8 |    15 |     2 ||    25
       Spectral Weapon   |       |     6 |     6 ||    12
       Song of Slaying   |       |     3 |     1 ||     4
Evoke: Wand              |       |       |     2 ||     2
  Use: Scroll            |     3 |     7 |       ||    10
       Potion            |       |       |     4 ||     4
